 Dungeon Crawl Stone Soup version 0.31-a0-1469-gd420192249 (webtiles) character file.

Game seed: 16948535562485604679

20241 silenth the Fighter (level 12, -4/137 HPs)
             Began as an Oni Warper on Dec 28, 2023.
             Was an Initiate of Gozag.
             Slain by a blink frog (12 damage)
             ... on level 2 of the Lair of Beasts.
             The game lasted 00:24:40 (16429 turns).

silenth the Fighter (Oni Warper)                   Turns: 16429, Time: 00:24:40

Health: -4/137     AC:  7    Str: 22    XL:     12   Next: 77%
Magic:  21/21      EV: 11    Int: 20    God:    Gozag
Gold:   2210       SH:  0    Dex: 11    Spells: 12/24 levels left

rFire   . . .        p - +11 mace of Fate {heavy, ^Drain +Blink rC+ Dex+3}
rCold   + . .        (no shield)
rNeg    + . .        u - +2 robe {Will+}
rPois   .            (helmet restricted)
rElec   .            b - +1 cloak
rCorr   .            (gloves unavailable)
SInv    .            (boots unavailable)
Will    ++...        e - amulet of magic regeneration
Stlth   +            m - +6 ring of intelligence
HPRegen 0.42/turn    A - ring of positive energy
MPRegen 0.57/turn

%: no passive effects
@: confused, ambrosia-drunk, gold aura
A: large, unfitting armour, horns 1, tough skin 1, double potion healing,
drunken brawling
a: Renounce Religion, Evoke Blink, Potion Petition, Call Merchant, Bribe Branch


You were on level 2 of the Lair of Beasts.
You worshipped Gozag.
Gozag was most pleased with you.
You visited 3 branches of the dungeon, and saw 14 of its levels.

You collected 2658 gold pieces.
You spent 78 gold pieces at shops.
You paid 370 gold pieces to Gozag.

Inventory:

Hand Weapons
 f - a +0 giant club
 p - the +11 mace of Fate (weapon) {heavy, ^Drain +Blink rC+ Dex+3}
   (You took it off a centaur on level 7 of the Dungeon)

   Dex+3:     It affects your dexterity (+3).
   rC+:       It protects you from cold.
   +Blink:    It lets you blink.
   ^Drain:    It drains your maximum health when unequipped.
 w - a +2 morningstar of protection
Missiles
 d - 4 darts of dispersal
 l - 3 atropa-tipped darts
 D - 24 poisoned darts
 G - 2 throwing nets
 P - 2 curare-tipped darts (quivered)
 Q - 5 large rocks
Armour
 b - a +1 cloak (worn)
 i - a +2 robe of cold resistance
 u - a +2 robe of willpower (worn)
Jewellery
 e - an amulet of magic regeneration (around neck)
 m - a +6 ring of intelligence (left hand)
 x - a ring of resist corrosion
 A - a ring of positive energy (right hand)
 R - a ring of ice
 S - a ring of fire
Wands
 F - a wand of mindburst (11)
 M - a wand of charming (1)
 O - a wand of roots (13)
Scrolls
 c - 4 scrolls of blinking
 g - 4 scrolls of teleportation
 h - a scroll of silence {unknown}
 j - a scroll of brand weapon {unknown}
 n - 2 scrolls of vulnerability
 r - 3 scrolls of noise
 s - a scroll of torment
 v - a scroll of poison
 y - 3 scrolls of fog
 z - 3 scrolls of fear
 C - a scroll of immolation {unknown}
 E - 2 scrolls of enchant armour
 L - a scroll of revelation
Potions
 a - a potion of resistance
 k - 2 potions of magic
 o - 3 potions of haste
 q - 2 potions of enlightenment
 t - 3 potions of mutation
 B - a potion of might
 H - a potion of lignification
 I - a potion of brilliance
 J - 5 potions of ambrosia
 K - a potion of invisibility
 N - 2 potions of curing


   Skills:
 + Level 13.8 Fighting
 + Level 13.7 Maces & Flails
 - Level 3.0 Throwing
 - Level 3.0 Armour
 + Level 5.5 Dodging
 - Level 2.0 Stealth
 + Level 6.6 Spellcasting
 + Level 6.3 Translocations
 + Level 2.9 Air Magic


You had 12 spell levels left.
You knew the following spells:

 Your Spells              Type           Power      Damage    Failure   Level
a - Blink                 Tloc           64%        N/A       1%          2
b - Lesser Beckoning      Tloc           64%        N/A       1%          2
c - Manifold Assault      Tloc           32%        N/A       7%          4
d - Vhi's Electric Charg  Tloc/Air       50%        N/A       14%         4

Your spell library contained the following spells:

 Spells                   Type           Power      Damage    Failure   Level
 Teleport Other           Tloc           32%        N/A       2%          3
 Static Discharge         Conj/Air       24%        3-4/arc   9%          2
 Necrotise                Necr           24%        1d5       10%         1
 Airstrike                Air            9%         2d(2-18)  28%         4
 Summon Lightning Spire   Summ/Air       12%        N/A       47%         4
 Anguish                  Hex/Necr       3%         N/A       69%         4
 Animate Armour           Summ/Erth      12%        N/A       69%         4
 Cause Fear               Hex            3%         N/A       69%         4
 Lee's Rapid Deconstruct  Erth           3%         3d5*      95%         5
 Enfeeble                 Hex            3%         N/A       100%        7


Dungeon Overview and Level Annotations

Branches:
Dungeon (11/15)            Temple (1/1) D:4            Lair (2/5) D:9
    Orc (0/2) D:9
  Swamp: Lair:2-3    Shoals: Lair:2-3     Snake: Lair:2-3    Spider: Lair:2-3

Altars:
Ashenzari
Cheibriados
Dithmenos
Elyvilon
Fedhas
Gozag
Hepliaklqana
Kikubaaqudgha
Makhleb
Nemelex Xobeh
Okawaru
Qazlal
Ru
Sif Muna
Trog
Uskayaw
Vehumet
Wu Jian
Xom
Yredelemnul
Zin
The Shining One

Shops:
D:4 =   D:7 ?


Innate Abilities, Weirdness & Mutations

You are too large for most types of armour.
You have a pair of small horns on your head.
You have tough skin. (AC +1)
You gain doubled healing and magic from potions.
Whenever you drink a healing potion, you attack all around you.


Message History

The blink frog is lightly wounded.
The blink frog hits you!
* * * LOW HITPOINT WARNING * * *
The blink frog is distracted by your dazzling golden aura.
The blink frog croaks.
You closely miss the blink frog. You headbutt the blink frog!
The blink frog is moderately wounded.
The blink frog hits you.
* * * LOW HITPOINT WARNING * * *
It was a potion of brilliance.
You feel clever all of a sudden. The blink frog hits you.
* * * LOW HITPOINT WARNING * * *
The blink frog blinks!
It was a potion of cancellation.
Your magical effects are unravelling.
You feel magically purged.
You feel a little less clever now.
The blink frog hits you but does no damage.
The blink frog hits you!
* * * LOW HITPOINT WARNING * * *
The blink frog blinks!
You take a swig of the potion and twirl the +11 mace of Fate {heavy, ^Drain +Blink rC+ Dex+3}.
You bludgeon the blink frog!!
The blink frog is no longer distracted by gold.
Your headbutt misses the blink frog.
The blink frog is heavily wounded.
You are confused.
You savour every drop.
You feel invigorated. The blink frog hits you!
* * * LOW HITPOINT WARNING * * *
The blink frog attacks as it pursues you!
The blink frog hits you.
* * * LOW HITPOINT WARNING * * *
The blink frog attacks as it pursues you!
The blink frog barely misses you. The blink frog completely misses you.
You're too confused to move!
The blink frog hits you.
* * * LOW HITPOINT WARNING * * *
The blink frog blinks! x2; The blink frog hits you!
You die...
Your body crumbles into a pile of gold.

. ####....<>....
.'...##.............
#~~.#..####.......#
##~~....#####....###
≈#####~~~.#....# ##...#
~≈≈~~≈~~.......# ##.P#
~~~~~~~.....F...# ##.####
..........F.....# #......
.......F@.#.............#
......$§§###.##.≈≈~.<.~..
.......#.# ###.~~≈~≈.~≈~P
##....##.# ..~≈≈≈~≈~≈~≈
#.#... ... ..~≈≈≈≈≈≈≈≈≈ #
#... .... #..~~≈≈≈≈≈≈≈
#.. ..## #..~~≈≈≈~~. ##.
.P## ~~~≈


You could see 3 blink frogs.

Vanquished Creatures
  Harold (Lair:2)
  A hydra (Lair:2)
  A two-headed ogre (D:10)
  An ugly thing (D:11)
  A manticore (D:11)
  A cyclops (D:11)
  Maurice (D:7)
  A black mamba (Lair:2)
  Maggie (D:7)
  Jeremiah (D:8)
  A cane toad (Lair:2)
  A torpor snail (Lair:1)
  4 komodo dragons
  A rime drake (D:8)
  3 kobold demonologists
  A queen bee (D:9)
  2 trolls
  2 dream sheep (Lair:1)
  Sigmund (D:2)
  4 wraiths
  A vampire (D:11)
  28 yaks
  3 wyverns
  A basilisk (Lair:1)
  3 nagas (Lair:2)
  2 acid dragons
  8 water moccasins
  Duvessa (D:6)
  10 ice beasts
  7 orc warriors
  2 wolves
  An ogre (D:4)
  A black bear (Lair:2)
  2 centaurs
  5 kobold brigands
  8 bullfrogs
  2 scorpions
  Dowan (D:6)
  34 killer bees
  4 howler monkeys
  A bombardier beetle (D:6)
  A jelly (D:7)
  Crazy Yiuf (D:2)
  6 orc priests
  2 sleepcaps
  Terence (D:2)
  An iguana (D:4)
  9 orc wizards
  4 gnolls (D:8)
  9 adders
  A white imp (D:7)
  2 ufetubi (D:7)
  3 worms (D:2)
  A dart slug (D:2)
  52 orcs
  7 endoplasms
  2 giant cockroaches (D:2)
  2 goblins (D:3)
  6 hobgoblins
  3 jackals (D:3)
  A quokka (D:2)
  6 ball pythons
  5 bats
  18 kobolds
  9 rats
307 creatures vanquished.

Notes
Turn   | Place    | Note
-------+----------+-------------------------------------------
     0 | D:1      | silenth the Oni Warper began the quest for the Orb.
     0 | D:1      | Reached XP level 1. HP: 22/22 MP: 3/3
   157 | D:1      | Reached skill level 3 in Fighting
   158 | D:1      | Reached XP level 2. HP: 31/31 MP: 5/5
   529 | D:1      | Found a faded altar of an unknown god.
  1007 | D:2      | Reached skill level 3 in Maces & Flails
  1007 | D:2      | Reached XP level 3. HP: 37/37 MP: 6/6
  1014 | D:2      | Learned a level 2 spell: Blink
  1017 | D:2      | Learned a level 2 spell: Lesser Beckoning
  1046 | D:2      | Noticed Terence
  1053 | D:2      | Killed Terence
  1194 | D:2      | Reached XP level 4. HP: 48/48 MP: 7/7
  1212 | D:2      | Found a runed translucent door.
  1213 | D:2      | Noticed Crazy Yiuf
  1326 | D:2      | Found a snail-covered altar of Cheibriados.
  1434 | D:2      | Reached skill level 4 in Fighting
  1498 | D:2      | Noticed Sigmund
  1528 | D:2      | Killed Sigmund
  1529 | D:2      | Reached skill level 5 in Fighting
  1529 | D:2      | Reached skill level 5 in Maces & Flails
  1529 | D:2      | Reached XP level 5. HP: 33/57 MP: 8/8
  1529 | D:2      | Reached XP level 6. HP: 39/66 MP: 9/9
  2188 | D:2      | Killed Crazy Yiuf
  2733 | D:4      | Found a staircase to the Ecumenical Temple.
  2745 | D:4      | Found Molit's Jewellery Emporium.
  2766 | Temple   | Entered the Ecumenical Temple
  2881 | D:4      | Found an ornate altar of the Wu Jian Council.
  2896 | D:4      | Found a burning altar of Makhleb.
  3137 | D:4      | HP: 5/67 [ogre/+0 giant club (17)]
  3140 | D:4      | Reached skill level 6 in Fighting
  3140 | D:4      | Reached skill level 6 in Maces & Flails
  3140 | D:4      | Reached XP level 7. HP: 51/75 MP: 10/10
  3543 | D:4      | Learned a level 4 spell: Manifold Assault
  3771 | D:5      | Entered Level 5 of the Dungeon
  3876 | D:5      | Found an opulent altar of Gozag.
  3886 | D:5      | Became a worshipper of Gozag Ym Sagoz the Greedy
  3919 | D:5      | Reached skill level 7 in Maces & Flails
  4060 | D:5      | Reached skill level 7 in Fighting
  4185 | D:5      | Reached XP level 8. HP: 87/87 MP: 11/11
  4653 | D:6      | Noticed Duvessa
  4654 | D:6      | Noticed Dowan
  4661 | D:6      | Killed Duvessa
  4670 | D:6      | Killed Dowan
  5136 | D:6      | Reached skill level 8 in Maces & Flails
  5622 | D:6      | Reached skill level 8 in Fighting
  5830 | D:6      | Found a shimmering blue altar of Sif Muna.
  5831 | D:6      | Found an ancient bone altar of Kikubaaqudgha.
  5831 | D:6      | Found a radiant altar of Vehumet.
  5834 | D:6      | Got Kikubaaqudgha's Octavo of Sciomancy
  6019 | D:7      | Noticed Maurice
  6031 | D:7      | Something stole a +1 whip of electrocution
  6031 | D:7      | Something stole 4 darts of dispersal
  6032 | D:7      | Something stole 107 gold
  6033 | D:7      | Something stole 292 gold
  6033 | D:7      | HP: 3/88 [something/magic dart (8)]
  6439 | D:7      | Reached skill level 3 in Translocations
  6533 | D:7      | Maurice stole 30 gold
  6553 | D:7      | Killed Maurice
  6554 | D:7      | Reached skill level 9 in Maces & Flails
  6554 | D:7      | Reached XP level 9. HP: 55/97 MP: 9/12
  6624 | D:7      | Identified the +11 mace of Fate {heavy, ^Drain +Blink rC+
                  | Dex+3}
  6826 | D:7      | Noticed Maggie
  6838 | D:7      | Killed Maggie
  6839 | D:7      | Reached skill level 9 in Fighting
  6839 | D:7      | Reached skill level 4 in Translocations
  6902 | D:7      | Reached skill level 10 in Maces & Flails
  7147 | D:7      | Reached skill level 10 in Fighting
  7153 | D:7      | Reached skill level 11 in Maces & Flails
  7328 | D:7      | Reached XP level 10. HP: 110/111 MP: 13/13
  7419 | D:7      | Found Oddun's Magic Scroll Boutique.
  7422 | D:7      | Bought a scroll of fear for 52 gold pieces
  7422 | D:7      | Bought a scroll of identify for 26 gold pieces
  7547 | D:8      | Found a snail-covered altar of Cheibriados.
  7772 | D:8      | Found a glowing golden altar of the Shining One.
  7984 | D:8      | Noticed Jeremiah
  7997 | D:8      | Killed Jeremiah
  8507 | D:9      | Reached skill level 11 in Fighting
  8525 | D:9      | Reached skill level 12 in Maces & Flails
  8697 | D:9      | Found a staircase to the Lair.
  8712 | D:8      | HP: 11/114 [rime drake (6)]
  8712 | D:8      | HP: 4/114 [wolf (7)]
  9719 | D:9      | Reached skill level 1 in Armour
  9723 | D:9      | Reached skill level 12 in Fighting
  9723 | D:9      | Reached skill level 1 in Stealth
  9723 | D:9      | Reached skill level 3 in Spellcasting
  9726 | D:9      | Reached XP level 11. HP: 86/123 MP: 12/15
 10142 | D:9      | Reached skill level 3 in Dodging
 10170 | D:9      | Reached skill level 2 in Armour
 10219 | D:9      | Reached skill level 2 in Stealth
 10465 | D:9      | Reached skill level 4 in Spellcasting
 10947 | D:9      | Found a staircase to the Orcish Mines.
 11160 | D:10     | Entered Level 10 of the Dungeon
 11298 | D:10     | Reached skill level 13 in Maces & Flails
 11299 | D:10     | Noticed a sun demon
 11310 | D:10     | Reached skill level 5 in Translocations
 12242 | D:10     | Reached skill level 3 in Armour
 12245 | D:10     | HP: 12/124 [yak (4)]
 12252 | D:10     | HP: 7/124 [yak (8)]
 12255 | D:10     | Reached skill level 4 in Dodging
 12752 | D:10     | Noticed a two-headed ogre
 12761 | D:10     | Killed a two-headed ogre
 12762 | D:10     | Reached skill level 2 in Throwing
 12762 | D:10     | Reached skill level 5 in Spellcasting
 12954 | D:11     | Noticed a manticore
 13074 | D:11     | Killed a manticore
 13298 | D:11     | Reached skill level 13 in Fighting
 13298 | D:11     | Reached XP level 12. HP: 103/136 MP: 19/19
 13410 | D:11     | Learned a level 4 spell: Vhi's Electric Charge
 13708 | D:11     | Reached skill level 3 in Throwing
 13776 | D:11     | Reached skill level 1 in Air Magic
 14295 | Lair:1   | Entered Level 1 of the Lair of Beasts
 14772 | Lair:1   | Reached skill level 5 in Dodging
 14772 | Lair:1   | Reached skill level 6 in Translocations
 14783 | Lair:1   | Reached skill level 6 in Spellcasting
 14783 | Lair:1   | Reached skill level 2 in Air Magic
 15604 | Lair:2   | Noticed a six-headed hydra
 15609 | Lair:2   | Killed a six-headed hydra
 16414 | Lair:2   | Noticed Harold
 16422 | Lair:2   | Killed Harold
 16426 | Lair:2   | HP: 6/137 [blink frog (16)]
 16429 | Lair:2   | Slain by a blink frog

Illustrated notes

Levels and vault maps discovered:
D:1:      minmay_arrival_cross, layout_basic,
          shapermc_ecumenical_altar_hornbeckon, minmay_pentomino_o4
D:2:      layout_basic, basic_altar, minmay_bisected, uniq_sigmund,
          uniq_crazy_yiuf_cottage, uniq_terence
D:3:      layout_basic
D:4:      layout_gridville, bloody_makhleb, nicolae_wu_jian_wuxing_cycle,
          temple_fountains, serial_shops, nicolae_shop_tiny_glass
D:5:      layout_loops_ring, mainiacjoe_overflow_24_doors
D:6:      layout_loops_corners, grunt_temple_overflow_magic_moments,
          uniq_duvessa
D:7:      layout_cave_pools, serial_shops, nicolae_shop_rolled_up,
          kennysheep_small_square, uniq_maurice, uniq_maggie
D:8:      layout_cave_pods, cheibriados_altar_1, tso_altar, uniq_jeremiah
D:9:      layout_roguey [special_room_bee], hellmonk_lair_entry_icy, david_orc_5
D:10:     layout_irregular_city
D:11:     layout_long_grid
Temple:   nicolae_temple_great_sept
Lair:1:   layout_roguey
Lair:2:   layout_loops_ring, minmay_shoals_entry_hut,
          minmay_snake_entry_guardpost_small, grunt_megastairs_5,
          infiniplex_staircase_pool, uniq_harold

Skill      XL: |  1  2  3  4  5  6  7  8  9 10 11 12 |
---------------+-------------------------------------+-----
Fighting       | 3 5 6 7 8 10 12 13 | 13.8
Maces & Flails | 3 5 6 7 9 11 12 13 | 13.7
Translocations | 3 4 5 6 |  6.3
Armour         | 1 3 |  3.0
Stealth        | 1 2 |  2.0
Spellcasting   | 3 5 6 |  6.6
Dodging        | 4 5 |  5.5
Throwing       | 2 3 |  3.0
Air Magic      | 2 |  2.9

Action                     |  1- 3 |  4- 6 |  7- 9 | 10-12 || total
---------------------------+-------+-------+-------+-------++-------
  Melee: Mace              |    87 |    41 |    55 |   480 ||   663
         Headbutt          |    11 |    14 |    41 |    87 ||   153
         Punch             |     2 |       |     3 |     7 ||    12
         Whip              |       |    71 |       |       ||    71
         Flail             |       |       |   160 |       ||   160
         Giant club        |       |       |    12 |       ||    12
  Throw: Dart              |     3 |     3 |     2 |     2 ||    10
   Cast: Manifold Assault  |       |       |     2 |     4 ||     6
 Invoke: Potion Petition   |       |       |       |     1 ||     1
  Evoke: Wand              |       |       |     6 |     5 ||    11
    Use: Potion            |     1 |     4 |     4 |     7 ||    16
         Scroll            |       |     5 |     9 |     5 ||    19
   Stab: Sleeping          |     1 |       |     1 |     2 ||     4
         Distracted        |       |       |     1 |     2 ||     3
 Armour: Robe              |    57 |    55 |   203 |   464 ||   779
         Skin              |       |    16 |       |       ||    16
  Dodge: Dodged            |    38 |    30 |   115 |   296 ||   479

Table legend: (Time is in decaauts)
 A = Elapsed time spent in this place.
 B = Non-inter-level travel time spent in this place.
 C = Inter-level travel time spent in this place.
 D = Time resting spent in this place.
 E = Time spent auto-exploring this place.
 F = Levels seen in this place.
 G = Mean time per level.
                   A        B        C        D        E       F      G
               +--------+--------+--------+--------+--------+-----+--------+
         Total |  16583 |  15988 |    595 |   4093 |   9437 |  14 | 1184.5 |
       Dungeon |  14555 |  14012 |    543 |   3575 |   8296 |  11 | 1323.2 |
        Temple |      1 |      1 |      0 |      0 |      0 |   1 |    1.0 |
          Lair |   2026 |   1974 |     52 |    518 |   1141 |   2 | 1013.0 |
               +--------+--------+--------+--------+--------+-----+--------+

Top non-repeatable levels by time:
     D:9: 2183 daAuts
    D:10: 1986 daAuts
     D:8: 1634 daAuts
     D:6: 1567 daAuts
  Lair:1: 1496 daAuts
     D:2: 1409 daAuts
     D:7: 1333 daAuts
    D:11: 1184 daAuts
     D:4: 1045 daAuts
     D:5: 874 daAuts
     D:1: 834 daAuts
  Lair:2: 529 daAuts
     D:3: 501 daAuts
  Temple: 1 daAuts
